Unix NetHack Version 5.0.0-0 post-release - last build May 23 2026 06:08:33 (1c0ff79ee797540d5714e4e18072db0edd9e58ae,branch:main).

Game began 2026-05-25 01:38:05, ended 2026-05-25 01:44:06.

ArrBianca, neutral female gnomish Archeologist

               -----
              --.<...-
              |..-----
              |.--
              |.|
              -@|
             .:r-
           .....
         ........
       ....|.....
     ...------...-
    ----     --..-
               ..
               %.
              -...
              ---.
                 -

ArrBianca the Digger       St:12 Dx:12 Co:9 In:16 Wi:16 Ch:10  Neutral
Dlvl:3  $:15 HP:0(12) Pw:3(3) AC:9  Xp:1 T:691 

Latest messages:
 The kitten drops a scroll of identify.
 You see here a paperback book named Guards! Guards! (for sale, 27 zorkmids).
 You see here a scroll of enchant armor (for sale, 107 zorkmids).
 You see here a scroll of magic mapping (for sale, 133 zorkmids).
 You see here a scroll of teleportation (for sale, 133 zorkmids).
 The kitten picks up a scroll of magic mapping.
 You see here a scroll of enchant weapon (for sale, 80 zorkmids).
 You see here a dark blue spellbook (for sale, 400 zorkmids).
 The kitten drops a scroll of magic mapping.
 You see here a scroll of fire (for sale, 133 zorkmids).
 You see here a scroll of teleportation (for sale, 133 zorkmids).
 You see here a velvet spellbook (for sale, 400 zorkmids).
 You do not owe Kittamagh anything.
 The kitten picks up a scroll of enchant armor.
 The kitten drops a scroll of enchant armor.
 You see here a scroll of identify (for sale, 27 zorkmids).
 The kitten picks up a scroll of destroy armor.
 The kitten drops a scroll of destroy armor.
 There is an open door here.
 You see here a +0 pick-axe.
 The kitten picks up a scroll of destroy armor.
 The kitten drops a scroll of destroy armor.
 You kill the newt!
 You swap places with your kitten.
 Your kitten eats a newt corpse.
 "Hello, ArrBianca!  Welcome again to Kittamagh's second-hand bookstore!"
 There is an open door here.
 You see here a +0 pick-axe.
 e - a +0 pick-axe.
 You swap places with your kitten.
 You descend the stairs.
 You lash the hobbit.
 The hobbit reads a scroll of teleportation!
 The hobbit vanishes!
 The giant rat bites!
 You kill the giant rat!
 You miss the jackal.
 The jackal bites!
 You kill the jackal!
 You miss the giant rat.
 The giant rat bites!
 You kill the giant rat!
 There is nothing here to pick up.
 You lash the giant rat.
 The giant rat bites!
 The gecko bites!
 You die...
 Do you want your possessions identified? [ynq] (y) y
 Do you want to see your attributes? [ynq] (y) y
 Do you want an account of creatures vanquished? [ynaq] (y) q

Inventory:
 Coins    ('$')
  $ - 15 gold pieces
 Weapons  (')')
  a - a +2 bullwhip (weapon in right hand)
 Armor    ('[')
  c - an uncursed +0 fedora (being worn)
  b - an uncursed +0 leather jacket (being worn)
 Comestibles  ('%')
  d - 4 uncursed food rations
  s - an uncursed homemade tin of jackal meat
 Scrolls  ('?')
  q - a blessed scroll of confuse monster
  r - an uncursed scroll of remove curse
 Potions  ('!')
  m - an uncursed potion of confusion
  j - an uncursed potion of water
 Rings    ('=')
  n - an uncursed ring of shock resistance
 Tools    ('(')
  h - an empty uncursed sack
  e - a +0 pick-axe
  i - an uncursed skeleton key
  k - an uncursed skeleton key
  f - a tinning kit (0:67)
 Gems/Stones  ('*')
  o - an uncursed jade stone
  p - an uncursed worthless piece of yellow glass
  g - an uncursed touchstone

ArrBianca the Archeologist's attributes:

Background:
 You were a Digger, a level 1 female gnomish Archeologist.
 You were neutral, on a mission for Camaxtli
 who was opposed by Quetzalcoatl (lawful) and Huhetotl (chaotic).
 You were right-handed.
 You were in the Gnomish Mines, on level 3.
 You entered the dungeon 691 turns ago.
 It was nighttime.
 You had 9 experience points, 11 more were needed to attain level 2.

Basics:
 You had 0 out of 12 hit points.
 You had all 3 energy points (spell power).
 Your armor class was 9.
 Your wallet contained 15 zorkmids.
 Autopickup was on for '$?!/="+%' plus thrown, with exceptions.

Final Characteristics:
 Your strength was 12 (limit:18/50).
 Your dexterity was 12 (limit:18).
 Your constitution was 9 (limit:18).
 Your intelligence was 16 (limit:19).
 Your wisdom was 16 (limit:18).
 Your charisma was 10 (limit:18).

Final Status:
 You weren't hungry.
 You were unencumbered.
 You were wielding a whip.
 You had basic skill with whip.

Final Attributes:
 You were fervently aligned.
 You had automatic searching.
 You had infravision.
 You were lucky.
 You are dead.

Miscellaneous:
 You didn't encounter any bones levels.
 Total elapsed playing time was 6 minutes and 1 second.

Major events:
 Turn
    1: ArrBianca the neutral female gnomish Archeologist entered the dungeon
  679: entered the Gnomish Mines
  691: killed by a gecko

You didn't know any spells.

Skills:
 Fighting Skills
   bare handed combat [Unskilled]
   two weapon combat  [Unskilled]
   riding             [Unskilled]
 Weapon Skills
   dagger             [Unskilled]
   knife              [Unskilled]
   pick-axe           [Basic]
   short sword        [Unskilled]
   saber              [Unskilled]
   club               [Unskilled]
   quarterstaff       [Unskilled]
   sling              [Unskilled]
   dart               [Unskilled]
   boomerang          [Unskilled]
   whip               [Basic]
   unicorn horn       [Unskilled]
 Spellcasting Skills
   attack spells      [Unskilled]
   healing spells     [Unskilled]
   divination spells  [Unskilled]
   matter spells      [Unskilled]

Voluntary challenges:
 Character rerolling was not enabled.
 You were an atheist.
 You never genocided any monsters.
 You never polymorphed an object.
 You never changed form.
 You used no wishes.
Achievements:
 You entered a shop.
 You entered the Gnomish Mines.

 The Dungeons of Doom: levels 1 to 2
    Level 1:
       A fountain.
    Level 2:
       A scroll shop, a fountain.
       Stairs down to The Gnomish Mines.
 The Gnomish Mines:
    Level 3: <- You were here.
       Final resting place for
          you, killed by a gecko.


Vanquished creatures:
  2 giant rats
  3 jackals
  3 newts
8 creatures vanquished.

No species were genocided or became extinct.

Game over:
                       ----------
                      /          \
                     /    REST    \
                    /      IN      \
                   /     PEACE      \
                  /                  \
                  |    ArrBianca     |
                  |      15 Au       |
                  |   killed by a    |
                  |      gecko       |
                  |                  |
                  |                  |
                  |       2026       |
                 *|     *  *  *      | *
        _________)/\\_//(\/(/\)/\//\/|_)_______

Goodbye ArrBianca the Archeologist...

You died in The Gnomish Mines on dungeon level 3 with 150 points,
and 15 pieces of gold, after 691 moves.
You were level 1 with a maximum of 12 hit points when you died.

